 Dungeon Crawl Stone Soup version 0.27.1-2-g3b301248ec (webtiles) character file.

Game seed: 6666282109718402442

56 nightchill the Ruffian (level 3, 0/36 HPs)
             Began as a Troll Monk on Sept 29, 2021.
             Was a Believer of Cheibriados.
             Slain by Edmund (10 damage)
             ... on level 4 of the Dungeon.
             The game lasted 00:03:26 (1255 turns).

nightchill the Ruffian (Troll Monk)                 Turns: 1255, Time: 00:03:27

Health: 0/36       AC:  4    Str: 24    XL:     3   Next: 69%
Magic:  2/2        EV: 10    Int: 10    God:    Cheibriados [**....]
Gold:   154        SH:  0    Dex: 16    Spells: 2/2 levels left

rFire    . . .     SeeInvis +     - Unarmed
rCold    . . .     Faith    .   (no shield)
rNeg     . . .     Spirit   .   a - +0 robe
rPois    .         Reflect  .   (helmet restricted)
rElec    .         Harm     .   (no cloak)
rCorr    .         Rampage  .   (gloves unavailable)
Will     .....                  (boots unavailable)
Stlth    ++........             (no amulet)
HPRegen  1.12/turn              e - ring of see invisible
MPRegen  0.08/turn              g - ring of flight

@: flying, very slow
A: large, unfitting armour, claws 3, regeneration 1, shaggy fur 1, tough skin 1
a: Renounce Religion, Bend Time


You were on level 4 of the Dungeon.
You worshipped Cheibriados.
Cheibriados was pleased with you.
You visited 1 branch of the dungeon, and saw 3 of its levels.

You collected 154 gold pieces.

Inventory:

Hand Weapons
 b - a +2 dagger of holy wrath
Armour
 a - a +0 robe (worn)
Jewellery
 e - a ring of see invisible (left claw)
 g - a ring of flight (right claw)
 m - an amulet of regeneration
 n - a ring of resist corrosion
Scrolls
 d - 4 scrolls of identify {unknown}
 i - a scroll of holy word {unknown}
 j - a scroll of enchant armour {unknown}
 k - a scroll of enchant weapon {unknown}
Potions
 c - a potion of curing {unknown}
 f - a potion of lignification {unknown}
 h - a potion of heal wounds {unknown}
 l - a potion of haste {unknown}


   Skills:
 + Level 2.9 Fighting
 - Level 2.4 Dodging
 - Level 1.0 Stealth
 * Level 4.2 Unarmed Combat
 + Level 0.0 Invocations


You had 2 spell levels left.
You didn't know any spells.
Your spell library was empty.

Dungeon Overview and Level Annotations

Branches:
Dungeon (2/15)

Altars:
Cheibriados

Shops:
D:1 *

Annotations:
D:4 Edmund


Innate Abilities, Weirdness & Mutations

You are too large for most types of armour.
You have claws for hands.
Your natural rate of healing is unusually fast.
You are covered in fur. (AC +1)
You have tough skin. (AC +1)


Message History

You reach down and open the door.
There is an open door here.
Found 15 arrows.
A kobold comes into view.
It is wielding a +0 dagger and quivering poisoned darts.
The kobold shouts!
The kobold throws a poisoned dart.
The poisoned dart barely misses you.
A kobold is nearby!
A kobold is nearby!
The kobold closely misses you.
You claw the kobold!
You kill the kobold!
Cheibriados appreciates the change of pace.
No target in view!
Things that are here:
a +0 dagger; 6 poisoned darts You reach down and open the door.
There is an open door here.
You reach down and open the door.
There is an open door here.
Edmund the Younger comes into view.
He is wielding a +5 flail of protection.
Edmund shouts!
Edmund hits you with a +5 flail of protection!
Edmund hits you with a +5 flail of protection.
You scratch Edmund.
Edmund is lightly wounded.
You closely miss Edmund.
Edmund is lightly wounded.
Edmund hits you with a +5 flail of protection.
* * * LOW HITPOINT WARNING * * *
You claw Edmund!
Edmund is moderately wounded.
Edmund closely misses you.
You claw Edmund!
Edmund is heavily wounded.
Edmund hits you with a +5 flail of protection!
* * * LOW HITPOINT WARNING * * *
You completely miss Edmund.
Edmund is heavily wounded.
Edmund hits you with a +5 flail of protection!
You die...

.#
#.....#....'....#
.#
#.....'....#....'
.#
####'####.#########
##
#.....###.####...##
#.....#.(..).......
#.....#............
#.....#............
#.....#............
#.@...#............
#.@...#............
#.....#############
#######


You could see Edmund.

Vanquished Creatures
  An adder (D:4)
  A worm (D:2)
  3 dart slugs
  2 ball pythons
  4 bats (D:1)
  5 endoplasms
  A giant cockroach (D:2)
  6 goblins
  2 hobgoblins
  A quokka (D:1)
  2 frilled lizards
  4 kobolds
  3 rats
35 creatures vanquished.

Vanquished Creatures (others)
  6 plants (D:2)
6 creatures vanquished.

Grand Total: 41 creatures vanquished

Notes
Turn   | Place    | Note
-------+----------+-------------------------------------------
     0 | D:1      | nightchill the Troll Monk began the quest for the Orb.
     0 | D:1      | Reached XP level 1. HP: 22/22 MP: 0/0
    19 | D:1      | Found Cankekeo's Assorted Antiques.
   259 | D:1      | Reached XP level 2. HP: 26/27 MP: 1/1
   762 | D:1      | Reached XP level 3. HP: 36/36 MP: 2/2
   819 | D:2      | Reached skill level 4 in Unarmed Combat
   826 | D:2      | Found a snail-covered altar of Cheibriados.
   848 | D:2      | Became a worshipper of Cheibriados the Contemplative
   848 | D:2      | Reached * piety under Cheibriados
   848 | D:2      | Reached ** piety under Cheibriados
  1048 | D:2      | You are sucked into a shaft and drop 2 floors!
  1245 | D:4      | Noticed Edmund
  1255 | D:4      | Slain by Edmund

Illustrated notes

Levels and vault maps discovered:
D:1:      minmay_arrival_doors, layout_basic, serial_shops, shop,
          corexii_corridor_pit, chequers_serial_rivers_room_a, minmay_ruptured
D:2:      layout_basic, serial_bayou, serial_bayou_crossing,
          serial_bayou_lagoon_b, serial_bayou_pond_e, serial_bayou_pond_d,
          basic_altar, shapermc_ecumenical_altar_mp_ritualfount,
          minmay_misc_feat_hallway
D:4:      layout_gridville, uniq_blork_the_orc, uniq_edmund

Skill      XL: |  1  2  3 |
---------------+----------+-----
Unarmed Combat | 4 |  4.2
Fighting       | |  2.9
Dodging        | |  2.4
Stealth        | |  1.0

Action                   || total
-------------------------++-------
Melee: Unarmed           ||    77
 Stab: Sleeping          ||     2
Armor: Robe              ||    29
Dodge: Dodged            ||    38
